[Event "44th Chess Olympiad Women 2022"]
[Site "Chennai"]
[Date "2022.08.01"]
[Round "4.42"]
[White "Finnbogadottir, Tinna Kristin"]
[Black "Sitoe, Cheila Andre"]
[Result "0-1"]
[WhiteElo "1828"]
[BlackElo "1574"]
[Annotator "NA RC"]
[PlyCount "114"]
[EventDate "2022.??.??"]
[TimeControl "60"]

1. e4 c5 2. c3 e6 3. Nf3 Nf6 4. e5 Nd5 5. g3 Be7 6. Bg2 Nc6 7. d4 cxd4 8.
cxd4 Qb6 9. O-O O-O 10. Nc3 Nxc3 11. bxc3 d6 12. Be3 Qa5 13. exd6 Bxd6 14. Qc2 h6 15. Nd2 Qc7 16. Ne4 Be7 17. f4 Bd7 18. a3 Rac8 19. Qe2 b6 20. g4 f5 21. Nf2 Na5 22. Nd1 Nc4 23.
Bc1 fxg4 24. Qxg4 Rf6 25. Rf3 Bd6 26. Nf2 e5 27. f5 Rcf8 28.
Rg3 Bxf5 29. Bd5+ Kh8 30. Qe2 exd4 31. Rg2 d3 32. Qh5 d2 33. Bxd2 Nxd2 34. c4 Bc5 35. Re1 Bd3 36. Re8 Bxf2+ 37. Kh1 Bc5 38. Rxf8+ Rxf8 39. Rxd2 Qf4 40. Qd1 Be4+ 41. Bxe4 Qxe4+ 42. Rg2 Rf2 43. Qg1 Qxg2+ 44. Qxg2 Rxg2 45. Kxg2 Bxa3 46.
Kf3 Kg8 47. Ke4 a5 48. h4 Bc5 49. Kd3 g5 50. hxg5 hxg5 51. Ke2 a4 52. Kd2 g4 53. Kc2 g3 54. Kb2 g2 55. Ka2 g1=Q 56. Kb2 Qf2+ 57. Ka1 Bd4+ 0-1

[Event "44th Chess Olympiad Women 2022"]
[Site "Chennai"]
[Date "2022.08.01"]
[Round "4.42"]
[White "Naira Sinoia"]
[Black "Acevedo Mendez, Lisseth"]
[Result "0-1"]
[WhiteElo "1116"]
[BlackElo "1784"]
[Annotator "NA RC"]
[PlyCount "148"]
[EventDate "2022.??.??"]
[TimeControl "60"]

1. e4 e5 2. Nf3 Nc6 3. Bc4 Bc5 4. d3 Nf6 5. Bg5 h6 6. Bh4 d6 7. Nc3 Be6 8. Nd5 Bxd5 9. Bxd5 Qe7 10. Bxc6+ bxc6 11. c3 a5 12. Qa4 Qd7 13. Bxf6 gxf6 14. a3 Rg8 15. g3 Bb6 16. Nh4 d5 17. f3 h5 18. O-O-O Be3+ 19. Kb1 d4 20. cxd4 Bxd4 21. Nf5 c5 22. Qxd7+ Kxd7 23. Nxd4 cxd4 24. Rc1 Kd6 25. Rc4 Ra6 26. Rhc1 c6 27. R1c2 Rb8 28. Rc5 Rb3 29. R5c4 Rxd3 30. Rf2 Re3 31. Kc2 Rb6 32. h4 Rb5 33. g4 Reb3 34. Kc1 Rb8 35. Rfc2 R3b6 36. Rc5 Ra6 37. gxh5 Rh8 38. b4 axb4 39. axb4 Rxh5 40. b5 cxb5 41. Rd5+ Ke6 42. Rc8 Ra7 43. Re8+ Re7 44. Red8 Rc7+ 45. Kd2 Ke7 46. Rb8 Rxh4 47. Rbxb5 Rh2+ 48. Kd1 Rf2 49. Rb3 Rfc2 50. Ke1 Ra7 51. Kd1 Rh2 52. Rdb5 Ra1+ 53. Rb1 Rxb1+ 54. Rxb1 Rh1+ 55. Kc2 Rxb1 56.
Kxb1 Ke6 57. Kc2 f5 58. Kd3 fxe4+ 59. fxe4 f5 60. exf5+ Kxf5 61. Ke2 Ke4 62. Ke1 Kd3 63. Kd1 e4 64. Ke1 Kc2 65. Ke2 d3+ 66. Ke1 d2+ 67. Ke2 d1=Q+ 68. Ke3 Qd3+ 69. Kf2 Qd2+ 70. Kg3 Kd3 71. Kh3 Qg5 72. Kh2 Ke3 73. Kh1 Kf2 74. Kh2 Qh4# 0-1

[Event "44th Chess Olympiad Women 2022"]
[Site "Chennai"]
[Date "2022.08.01"]
[Round "4.42"]
[White "Ptacnikova, Lenka"]
[Black "Castro, Neusa Aridas De"]
[Result "1-0"]
[WhiteElo "2066"]
[BlackElo "1531"]
[Annotator "NA RC"]
[PlyCount "79"]
[EventDate "2022.??.??"]
[TimeControl "60"]

1. d4 e6 2. Nf3 d5 3. g3 c5 4. Bg2 Nc6 5. O-O Qb6 6. dxc5 Bxc5 7. Nc3 Qc7 8.
Bf4 Qa5 9. a3 Be7 10. e4 dxe4 11. Nxe4 e5 12. Be3 Qc7 13. Bc5 Bxc5 14. Nxc5 Nge7 15. Re1 O-O 16. c3 Bg4 17. Qa4 Bf5 18. Qb5 Rab8 19. Rad1 a6 20. Qe2 Ng6 21. Ng5 Qe7 22. Nge4 Bxe4 23. Nxe4 Rfd8 24. b4 f5 25. Nc5 Qe8 26. Nxb7 Rxd1 27. Rxd1 Rxb7 28. Qc4+ Kf8 29. Bxc6 Qc8 30. Qxa6 Rb8 31. Qa7 Ne7 32. b5 f4 33. Qc5 Rb7 34. a4 fxg3 35. hxg3 Rc7 36. Rd6 e4 37. Qd4 Qf5 38. Rd8+ Kf7 39. Be8+ Ke6 40. Qd6# 1-0

[Event "44th Chess Olympiad Women 2022"]
[Site "Chennai"]
[Date "2022.08.01"]
[Round "4.42"]
[White "Vilhete, Vania Fausto Da T."]
[Black "Johannsdottir, Johanna Bjorg"]
[Result "0-1"]
[WhiteElo "1701"]
[BlackElo "1976"]
[Annotator "NA RC"]
[PlyCount "112"]
[EventDate "2022.??.??"]
[TimeControl "60"]

1. d4 g6 2. c4 Bg7 3. Nc3 d6 4. e4 e5 5. d5 a5 6. Be2 Na6 7. h3 Ne7 8. Bg5 h6 9. Bh4 Nc5 10. Nf3 O-O 11. Nd2 g5 12. Bg3 f5 13. f3 Ng6 14. O-O Nf4 15.
exf5 Bxf5 16. Nde4 b6 17. Rc1 Qd7 18. Nf2 Nh5 19. Bh2 Nf6 20.
Qd2 Rae8 21. Rce1 Bg6 22. Bd1 Nh5 23. Nfe4 Re7 24. Bc2 Bxe4 25. Nxe4 Nf4 26. Nxc5 bxc5 27. Qxa5 e4 28. Bxe4 Bxb2 29. Qd2 Be5 30. Qc2 Ree8 31. Rb1 Ra8 32. Rb7 Ra3 33. Rb3 Rfa8 34. Rxa3 Rxa3 35. Bxf4 Bxf4 36. Bf5 Qg7 37. Be6+ Kf8 38. Qf5+ Ke7 39. Re1 Be5 40. Re2 Rc3 41. Qe4 Rc1+ 42. Re1 Rxe1+ 43. Qxe1 Qg6 44. Qd1 Bc3 45. g3 h5 46. Kg2 h4 47. Qe2 Kf6 48. Bg4 Be5 49. gxh4 gxh4 50. Qe4 Qg5 51. Qc2 Qf4 52. Kf1 Bd4 53. a4 Qg3 54. Qf5+ Ke7 55.
Qe6+ Kf8 56. Qd7 Qf2# 0-1

[Event "44th Chess Olympiad Women 2022"]
[Site "Chennai"]
[Date "2022.08.01"]
[Round "4.43"]
[White "Alvarez Gutierrez, Patricia"]
[Black "Seder, Randa"]
[Result "1-0"]
[WhiteElo "1715"]
[BlackElo "1442"]
[Annotator "NA RC"]
[PlyCount "133"]
[EventDate "2022.??.??"]
[TimeControl "60"]

1. d4 Nf6 2. Bf4 d5 3. e3 Bf5 4. c4 c6 5. Nc3 g6 6. Qb3 e6 7. Qxb7 Nbd7 8. Qxc6 Rc8 9. Qa4 Qb6 10. Nb5 a6 11. c5 axb5 12. Bxb5 Bxc5 13. dxc5 Rxc5 14. Bxd7+ Nxd7 15. Qa8+ Qd8 16. Qxd8+ Kxd8 17. Ne2 Rc2 18. Nd4 Rxb2 19. Nc6+ Ke8 20. O-O Rc2 21. Rfc1 f6 22. Rxc2 Bxc2 23. Nd4 Bf5 24. Nxf5 gxf5 25. Bd6 Kf7 26. a4 Ra8 27. a5 e5 28. g3 Ke6 29. Bb4 Nb8 30. Bd2 Nc6 31. Kg2 d4 32. exd4 Nxd4 33.
Ra4 Nb3 34. Bb4 Kd5 35. a6 Nd4 36. Be7 Ke6 37. Bc5 Nc6 38.
Bb6 Kd7 39. a7 Kc8 40. Be3 Kb7 41. Kh3 Nxa7 42. Rxa7+ Rxa7 43. Bxa7 Kxa7 44. Kh4 e4 45. Kh5 Kb6 46. Kh6 Kc5 47. Kxh7 Kd5 48. Kg6 Ke6 49. h4 Ke5 50. h5 f4 51. gxf4+ Kxf4 52. h6 Kf3 53. h7 Kxf2 54. h8=Q e3 55. Qxf6+ Ke1 56. Qc3+ Kf2 57. Qd4 Kf3 58. Kg5 e2 59. Qf4+ Kg2 60. Qe3 Kf1 61. Qf3+ Ke1 62. Kf4 Kd2 63. Qe3+ Kd1 64. Qd3+ Ke1 65. Kf3 Kf1 66. Qxe2+ Kg1 67. Qg2# 1-0

[Event "44th Chess Olympiad Women 2022"]
[Site "Chennai"]
[Date "2022.08.01"]
[Round "4.43"]
[White "Eman Sawan"]
[Black "Ferrufino, Michelle"]
[Result "1-0"]
[WhiteElo "1847"]
[BlackElo "1811"]
[Annotator "NA RC"]
[PlyCount "95"]
[EventDate "2022.??.??"]
[TimeControl "60"]

1. e4 d5 2. exd5 Qxd5 3. Nc3 Qd6 4. d4 Nf6 5. Nf3 c6 6. Ne5 Bf5 7. Bf4 Nd5 8. Nxd5 Qxd5 9. f3 e6 10. Qd2 h6 11. g4 Bh7 12. Bc4 Qd8 13.
O-O-O Be7 14. Bg3 Nd7 15. f4 Nxe5 16. fxe5 Bg5 17. Bf4 Bxf4 18. Qxf4 Qg5 19. Qxg5 hxg5 20. Rde1 Bg6 21. Bf1 O-O-O 22. c3 Rh4 23. h3 Rdh8 24. Bg2 Rd8 25. Rhf1 Rd7 26. Rd1 Rh8 27. Kd2 c5 28. Ke3 Rhd8 29. Rd2 cxd4+ 30. Rxd4 Rxd4 31. cxd4 Kc7 32. Be4 Rh8 33. Rf3 Bxe4 34. Rxf7+ Kc6 35. Kxe4 Rxh3 36. Rxg7 Rh2 37. Re7 Re2+ 38. Kd3 Rxb2 39. Rxe6+ Kc7 40. d5 Rb4 41. Re7+ Kb6 42. d6 Rb1 43. d7 Kc7 44. e6 Rd1+ 45. Kc2 Rd6 46. Re8 Rc6+ 47. Kd3 Rd6+ 48. Ke4 1-0

[Event "44th Chess Olympiad Women 2022"]
[Site "Chennai"]
[Date "2022.08.01"]
[Round "4.43"]
[White "Granados Diaz, Maria Esther"]
[Black "Heba, Assi"]
[Result "0-1"]
[WhiteElo "1888"]
[BlackElo "1449"]
[Annotator "NA RC"]
[PlyCount "78"]
[EventDate "2022.??.??"]
[TimeControl "60"]

1. e4 c5 2. Nf3 d6 3. d4 cxd4 4. Nxd4 Nf6 5. Nc3 a6 6. Bg5 e6 7. f4 Be7 8. Qf3 Qc7 9. O-O-O b5 10. g4 Bb7 11. Bg2 b4 12. Bxf6 bxc3 13.
Bxg7 cxb2+ 14. Kb1 Rg8 15. Bh6 Nd7 16. Rhe1 Rc8 17. Rd2 d5 18. exd5 Bb4 19. Nxe6 fxe6 20. Rxe6+ Kd8 21. Qh3 Qc5 22. d6 Qg1+ 23. Bf1 Rxg4 24. Rde2 Bxd6 25. Rxd6 Bg2 26. Rxd7+ Kxd7 27. Qd3+ Kc7 28. Re7+ Kb8 29. Qd6+ Ka8 30. Qxa6+ Kb8 31. Qb5+ Ka8 32. Qa4+ Kb8 33. Qb4+ Ka8 34. Qa3+ Kb8 35. Qxb2+ Ka8 36. Qa3+ Kb8 37. Qd6+ Ka8 38. Qa6+ Kb8 39. Re1 Rg6 0-1

[Event "44th Chess Olympiad Women 2022"]
[Site "Chennai"]
[Date "2022.08.01"]
[Round "4.43"]
[White "Taqwa, Hamouri"]
[Black "Granados Ortiz, Maria Jose"]
[Result "1-0"]
[WhiteElo "1214"]
[BlackElo "1753"]
[Annotator "NA RC"]
[PlyCount "71"]
[EventDate "2022.??.??"]
[TimeControl "60"]

1. e4 Nf6 2. e5 Nd5 3. d4 d6 4. Bc4 e6 5. Nf3 Be7 6. O-O O-O 7. Qe2 Nc6 8. a3 h6 9. Bd3 f5 10. c3 dxe5 11. Nxe5 Nxe5 12. dxe5 Bc5 13. Rd1 Qe8 14. b4 Be7 15. f4 c5 16. Bc4 Nc7 17. Be3 cxb4 18. axb4 b5 19. Bb3 a6 20. Bb6 Qc6 21. Bxc7 Qxc7 22. Rd3 Qb6+ 23. Kh1 Rd8 24. Rxd8+ Bxd8 25. Na3 Rb8 26. Rd1 Be7 27. Nc2 Kh8 28. Nd4 a5 29. bxa5 Qxa5 30. Nc6 Qc7 31. Nxb8 Qxb8 32. Qh5 Qc7 33. Qf7 Bb7 34. Bxe6 Kh7 35. Qg8+ Kg6 36. Bf7# 1-0

[Event "44th Chess Olympiad Women 2022"]
[Site "Chennai"]
[Date "2022.08.01"]
[Round "4.44"]
[White "Abrorova, Sabrina"]
[Black "Moore, Gaybrianna"]
[Result "1-0"]
[WhiteElo "1799"]
[BlackElo "1335"]
[Annotator "NA RC"]
[PlyCount "85"]
[EventDate "2022.??.??"]
[TimeControl "60"]

1. d4 d5 2. c4 e6 3. Nf3 Be7 4. Nc3 Nf6 5. Bg5 h6 6. Bh4 Ne4 7. Bxe7 Qxe7 8. Qc2 Nxc3 9. Qxc3 O-O 10. e3 dxc4 11. Bxc4 b6 12. O-O Bb7 13. Be2 Rc8 14. b4 c5 15. dxc5 Ba6 16. Bxa6 Nxa6 17. Qa3 Qb7 18. c6 Qxc6 19. Qxa6 Qc3 20. a3 Rc7 21. Nd4 Qb2 22. Qe2 Qxe2 23. Nxe2 Rac8 24. Rfc1 Rc2 25. Kf1 Kf8 26. Ke1 Rxc1+ 27. Rxc1 Rxc1+ 28. Nxc1 Ke7 29. Kd2 Kd6 30. Kd3 f5 31. Ne2 e5 32. Nc3 a6 33. f4 exf4 34. exf4 g5 35. g3 b5 36. Kd4 g4 37. Nd5 h5 38. Ne3 Kc6 39. Ke5 Kb6 40. Kxf5 a5 41.
Ke6 axb4 42. axb4 Kc7 43. Ke5 1-0

[Event "44th Chess Olympiad Women 2022"]
[Site "Chennai"]
[Date "2022.08.01"]
[Round "4.44"]
[White "Blackman, Katrina"]
[Black "Antonova, Nadezhda"]
[Result "0-1"]
[WhiteElo "1691"]
[BlackElo "1832"]
[Annotator "NA RC"]
[PlyCount "68"]
[EventDate "2022.??.??"]
[TimeControl "60"]

1. d4 Nf6 2. Nf3 g6 3. Bf4 Bg7 4. e3 O-O 5. h3 d6 6. Be2 Nfd7 7. Nbd2 e5 8. dxe5 dxe5 9. Bh2 Qe7 10. c3 Nc6 11. O-O a5 12. Qc2 f5 13.
Rfe1 g5 14. Bg3 Kh8 15. Nc4 Nc5 16. Nfd2 Be6 17. Rad1 Bf7 18. Bh2 Bg6 19. Bf3 e4 20. Be2 f4 21. Qc1 b5 22. Na3 Ne5 23.
Rf1 c6 24. exf4 gxf4 25. f3 Ncd3 26. Qc2 Qc5+ 27. Kh1 exf3 28. Bg1 Qe7 29. Bxd3 Bxd3 30. Qc1 Bxf1 31. Rxf1 fxg2+ 32. Kxg2 Qg5+ 33. Kh1 f3 34. Rf2 Nd3 0-1

[Event "44th Chess Olympiad Women 2022"]
[Site "Chennai"]
[Date "2022.08.01"]
[Round "4.44"]
[White "Eversley, Kiarra"]
[Black "Saidova, Rukhshona"]
[Result "0-1"]
[WhiteElo "1356"]
[BlackElo "1624"]
[Annotator "NA RC"]
[PlyCount "94"]
[EventDate "2022.??.??"]
[TimeControl "60"]

1. e4 e5 2. Nf3 Nc6 3. d4 exd4 4. Nxd4 Nf6 5. Nxc6 bxc6 6.
Bd3 Bc5 7. Qe2 O-O 8. O-O Re8 9. Qf3 d6 10. Bg5 Bd4 11. c3 Be5 12. Nd2 h6 13.
Bxf6 Bxf6 14. Nc4 Be6 15. Ne3 Rb8 16. Qe2 d5 17. exd5 cxd5 18.
Qc2 d4 19. Rfd1 c5 20. Nc4 Bxc4 21. Bxc4 Qe7 22. Rd2 dxc3 23. bxc3 Qe5 24. Rd7 Re7 25. Rxe7 Qxe7 26. h3 Be5 27. Rd1 Qf6 28. Rd7 Rf8 29. Rxa7 Qf4 30. Qd3 Qc1+ 31. Qf1 Qxc3 32. a4 Bb8 33. Rb7 Qe5 34. g3 Bc7 35. Rb5 Qd4 36. Kg2 Ra8 37. Bb3 Rd8 38. Qe2 Qd6 39. Qh5 Qc6+ 40. Kg1 Qe8 41. Qxc5 Bxg3 42. fxg3 Qe1+ 43. Kg2 Rd2+ 44. Kf3 Rd3+ 45. Kf4 g5+ 46. Kf5 Rf3+ 47. Kg4 Qxg3+ 0-1

[Event "44th Chess Olympiad Women 2022"]
[Site "Chennai"]
[Date "2022.08.01"]
[Round "4.44"]
[White "Hotami, Mutriba"]
[Black "Reifer-Belle, Chanon"]
[Result "1-0"]
[WhiteElo "1846"]
[BlackElo "1213"]
[Annotator "NA RC"]
[PlyCount "101"]
[EventDate "2022.??.??"]
[TimeControl "60"]

1. e4 e5 2. Nf3 Nc6 3. Bb5 a6 4. Ba4 Nf6 5. O-O Be7 6. Re1 b5 7. Bb3 d6 8. c3 O-O 9. d4 Bg4 10. Be3 exd4 11. cxd4 Na5 12. Bc2 Nc4 13. Bc1 c5 14. b3 Nb6 15. Bb2 Re8 16. Nbd2 Bf8 17. Qb1 h6 18. h3 Bd7 19. Nf1 Bc6 20. Ng3 Rc8 21. Nf5 Bb7 22. dxc5 dxc5 23. Rd1 Nfd7 24. Be5 Re6 25. Qb2 f6 26. Bd6 Bxe4 27. Bxe4 Rxe4 28. Bxf8 Qxf8 29. Nd6 Rce8 30. Nf5 Rc8 31. Nd6 Rce8 32. Nxe8 Qxe8 33. Re1 Qg6 34. Rxe4 Qxe4 35. Re1 Qd3 36. Qe2 Qxe2 37. Rxe2 c4 38. bxc4 Nxc4 39. Kf1 Kf7 40. Ke1 Nde5 41. Nxe5+ Nxe5 42. Kd2 Ke6 43. f4 g5 44. fxe5 fxe5 45. g4 b4 46. Ke3 Kd5 47. Rd2+ Kc4 48.
Ke4 b3 49. axb3+ Kxb3 50. Kxe5 a5 51. Kf6 1-0

[Event "44th Chess Olympiad Women 2022"]
[Site "Chennai"]
[Date "2022.08.01"]
[Round "4.45"]
[White "Badenhorst, Chloe"]
[Black "Mejia, Camila"]
[Result "1-0"]
[WhiteElo "1703"]
[BlackElo "1330"]
[Annotator "NA RC"]
[PlyCount "37"]
[EventDate "2022.??.??"]
[TimeControl "60"]

1. e4 e5 2. Nc3 Nf6 3. f4 d5 4. fxe5 Nxe4 5. Qf3 Nxc3 6.
dxc3 Bc5 7. Bf4 O-O 8. O-O-O Be6 9. Bd3 Qd7 10. Qg3 Re8 11.
Nf3 Nc6 12. Qh4 Bf5 13. Rhf1 g6 14. Ng5 h5 15. Bxf5 Qxf5 16.
Bd2 Qxe5 17. Nxf7 Qe7 18. Qg3 Rf8 19. Qxg6# 1-0

[Event "44th Chess Olympiad Women 2022"]
[Site "Chennai"]
[Date "2022.08.01"]
[Round "4.45"]
[White "February, Jesse Nikki"]
[Black "Viana, Valeria"]
[Result "1-0"]
[WhiteElo "1872"]
[BlackElo "1441"]
[Annotator "NA RC"]
[PlyCount "109"]
[EventDate "2022.??.??"]
[TimeControl "60"]

1. e4 c6 2. d4 d5 3. exd5 cxd5 4. Bd3 Nc6 5. c3 Nf6 6. Qb3 g6 7. Nf3 Bg7 8. O-O O-O 9. Re1 Qc7 10. Bg5 Rd8 11. Nbd2 a6 12. h3 Be6 13. Bh4 h6 14. Qc2 Qd7 15. Bg3 Rac8 16. a3 Nh5 17. Bh2 Kh8 18.
Nb3 b6 19. Bxa6 Ra8 20. Bb5 Bf5 21. Qe2 Be6 22. Be5 Nf6 23.
Nbd2 Qc8 24. Bh2 Ra7 25. Bxc6 Qxc6 26. Ne5 Qc8 27. Nxg6+ Kg8 28. Nf4 Bf5 29. Nh5 Nxh5 30. Qxh5 Bg6 31. Qh4 Rdd7 32. Be5 f6 33. Bf4 Kf7 34. Re3 Rd8 35. Rae1 Re8 36. Nf3 Qd7 37. Qg3 Qb5 38. Nh4 Bh7 39. Qg4 Be4 40. f3 Bh7 41. Qh5+ Kf8 42. Bxh6 e5 43. dxe5 fxe5 44. Rxe5 Qc5+ 45. Kh1 Rxe5 46. Rxe5 Qc6 47. Bxg7+ Rxg7 48. Nf5 Bxf5 49. Rxf5+ Kg8 50. Rg5 Qc4 51.
Rxg7+ Kxg7 52. Qg4+ Qxg4 53. fxg4 Kg6 54. Kg1 Kg5 55. Kf2 1-0

[Event "44th Chess Olympiad Women 2022"]
[Site "Chennai"]
[Date "2022.08.01"]
[Round "4.45"]
[White "Garcia, Andrea Nicole"]
[Black "Van Zyl, Charlize"]
[Result "0-1"]
[WhiteElo "1631"]
[BlackElo "1704"]
[Annotator "NA RC"]
[PlyCount "72"]
[EventDate "2022.??.??"]
[TimeControl "60"]

1. e4 c6 2. d4 d5 3. Nd2 dxe4 4. Nxe4 Nf6 5. Nxf6+ exf6 6. Nf3 Bg4 7. Be2 Bd6 8. h3 Bh5 9. c3 O-O 10. O-O Re8 11. Re1 Nd7 12. Be3 Qc7 13.
Nh4 Bg6 14. Nxg6 hxg6 15. a3 f5 16. Bg5 Bh2+ 17. Kh1 Bf4 18.
Bxf4 Qxf4 19. Qb3 Nb6 20. Bc4 Nxc4 21. Qxc4 Qxf2 22. Rf1 Qe2 23. Qxe2 Rxe2 24. Rab1 Rae8 25. Kg1 f6 26. Rf2 Re1+ 27. Rxe1 Rxe1+ 28. Kh2 Kf7 29. Kg3 Ke6 30. Kf3 Kd5 31. Re2 Rxe2 32. Kxe2 Ke4 33. a4 g5 34. b4 g4 35. hxg4 fxg4 36. b5 f5 0-1

[Event "44th Chess Olympiad Women 2022"]
[Site "Chennai"]
[Date "2022.08.01"]
[Round "4.45"]
[White "Maradiaga, Cesia"]
[Black "Selkirk, Rebecca"]
[Result "0-1"]
[WhiteElo "1533"]
[BlackElo "1745"]
[Annotator "NA RC"]
[PlyCount "66"]
[EventDate "2022.??.??"]
[TimeControl "60"]

1. Nf3 Nf6 2. b3 d5 3. Bb2 c5 4. c4 d4 5. d3 Nc6 6. Nbd2 e5 7. Ne4 Nxe4 8. dxe4 f5 9. Nd2 fxe4 10. Nxe4 Bf5 11. Ng3 Bg6 12. Bc1 Nb4 13. e4 dxe3 14. Qxd8+ Rxd8 15. fxe3 Nc2+ 16. Kf2 Nxa1 17. Be2 Be7 18. Bf3 O-O 19. e4 Nc2 20. h4 Nb4 21. Be3 Nxa2 22. h5 Be8 23.
Nf5 Rxf5 24. exf5 Nb4 25. h6 Bc6 26. Bg4 Bf6 27. hxg7 Rd3 28.
Rh6 Kxg7 29. Rh2 Rxb3 30. Bd1 Rb2+ 31. Kf1 b6 32. Bf2 Nd3 33. g4 Nxf2 0-1

[Event "44th Chess Olympiad Women 2022"]
[Site "Chennai"]
[Date "2022.08.01"]
[Round "4.46"]
[White "Abera, Mekdes Demssie"]
[Black "A-ALI, Sali Abbas Abdulzah"]
[Result "0-1"]
[WhiteElo "1342"]
[BlackElo "1864"]
[Annotator "NA RC"]
[PlyCount "58"]
[EventDate "2022.??.??"]
[TimeControl "60"]

1. d4 d5 2. e3 Nf6 3. Nc3 e6 4. Nf3 c5 5. Bd2 Nc6 6. Bb5 a6 7. Bxc6+ bxc6 8.
Ne5 Qc7 9. O-O Bd6 10. f4 Bb7 11. Ne2 Ne4 12. Ng3 Nxg3 13. hxg3 O-O 14. b3 f6 15. Ng4 a5 16. Kf2 cxd4 17. exd4 e5 18. dxe5 fxe5 19. Kg1 exf4 20. gxf4 Bxf4 21. Bc3 c5 22. Qe1 d4 23. Bb2 Qc6 24. Rf2 Rae8 25. Qxa5 Bc8 26. Raf1 Bc7 27. Ne5 Bxe5 28. Rxf8+ Rxf8 29. Qd8 Rxd8 0-1

[Event "44th Chess Olympiad Women 2022"]
[Site "Chennai"]
[Date "2022.08.01"]
[Round "4.46"]
[White "Al-Fayyadh, Yamama Asif Abdula"]
[Black "Ayele, Hana Mulugeta"]
[Result "1-0"]
[WhiteElo "1666"]
[BlackElo "1437"]
[Annotator "NA RC"]
[PlyCount "57"]
[EventDate "2022.??.??"]
[TimeControl "60"]

1. e4 e5 2. Nf3 Nc6 3. Bb5 a6 4. Ba4 Nf6 5. O-O Bd6 6. Re1 O-O 7. d4 Re8 8. Bxc6 dxc6 9. dxe5 Bg4 10. exd6 cxd6 11. Nc3 h6 12. Qd3 Qc7 13. Bf4 Rad8 14. h3 Bh5 15. Nd4 Bg6 16. Nf5 Bxf5 17. exf5 Qb6 18. Be3 Qc7 19. Bd4 Nd7 20. Qg3 f6 21. Ne4 Qb8 22. Bxf6 g5 23. Bxd8 Rxd8 24. Nxd6 Nf6 25. Re6 Kg7 26. Qe5 Rf8 27. Rxf6 Rxf6 28. Ne8+ Qxe8 29. Qxe8 1-0

[Event "44th Chess Olympiad Women 2022"]
[Site "Chennai"]
[Date "2022.08.01"]
[Round "4.46"]
[White "Haile, Lidet Abate"]
[Black "Al-Fayyadh, Zainab Asif Abdulah"]
[Result "0-1"]
[WhiteElo "1624"]
[BlackElo "1749"]
[Annotator "NA RC"]
[PlyCount "137"]
[EventDate "2022.??.??"]
[TimeControl "60"]

1. e4 e5 2. Nf3 Nc6 3. Bc4 Bc5 4. O-O Nf6 5. d3 d6 6. Bg5 Be6 7. Bb3 h6 8. Bh4 Bxb3 9. axb3 g5 10. Bg3 h5 11. h4 g4 12. Nfd2 Qd7 13.
c3 O-O-O 14. b4 Bb6 15. Nc4 Nh7 16. Nxb6+ axb6 17. Ra8+ Nb8 18. Qb3 f5 19. exf5 Qxf5 20. c4 Nf6 21. Na3 Kd7 22. c5 Qe6 23. Nc4 b5 24. Nd2 Qxb3 25. Nxb3 Nc6 26. Rxd8+ Rxd8 27. cxd6 cxd6 28. d4 e4 29. f3 gxf3 30. gxf3 Rg8 31. Kf2 e3+ 32. Kg2 Nxb4 33. Nc1 Nfd5 34. Kh2 Rc8 35. b3 Rc2+ 36. Kh1 Rd2 37. f4 Nc2 38. f5 Nf6 39. Bf4 e2 40. Rg1 Rxd4 41. Nxe2 Re4 42. Bg5 Rxe2 43. Bxf6 Ne1 44. Rf1 Nd3 45. Kg1 Ne5 46. Bg5 Rb2 47. f6 Ke8 48. Rd1 Nf3+ 49. Kf1 Rxb3 50. Rxd6 Nxg5 51. hxg5 Rg3 52. Rb6 Rxg5 53. Rxb7 h4 54. Kf2 Kf8 55. Rh7 Rg4 56. Kf3 Rc4 57. Ke3 b4 58. Kd3 Rc3+ 59. Kd4 h3 60. Ke5 b3 61. Ke6 Re3+ 62. Kf5 b2 63.
Rh8+ Kf7 64. Rh7+ Ke8 65. Rb7 h2 66. f7+ Kf8 67. Kg6 Rg3+ 68.
Kf6 Rf3+ 69. Ke5 0-1

[Event "44th Chess Olympiad Women 2022"]
[Site "Chennai"]
[Date "2022.08.01"]
[Round "4.46"]
[White "Sara Masood Abdullah"]
[Black "Bantiwalu, Aster Melake"]
[Result "1-0"]
[WhiteElo "1677"]
[BlackElo "1425"]
[Annotator "NA RC"]
[PlyCount "59"]
[EventDate "2022.??.??"]
[TimeControl "60"]

1. e4 e5 2. Nf3 Nc6 3. Nc3 Bc5 4. Nxe5 Bxf2+ 5. Kxf2 Nxe5 6. d4 Ng6 7. Bc4 Qh4+ 8. g3 Qf6+ 9. Kg2 N8e7 10. Rf1 Qc6 11.
Bxf7+ Kd8 12. Be3 d6 13. Nd5 Nxd5 14. Bxd5 Qd7 15. Bg5+ Ne7 16. Rf7 Re8 17. Qf3 c6 18. Bb3 h6 19. Rxe7 Qh3+ 20. Kg1 hxg5 21. Rxg7 Bd7 22. Qf6+ Kc7 23. e5 dxe5 24. dxe5 Rh8 25. Qd6+ Kc8 26. Qd2 Bg4 27. Rf1 Bf5 28. e6 Bxe6 29. Bxe6+ Qxe6 30. Rff7 1-0

[Event "44th Chess Olympiad Women 2022"]
[Site "Chennai"]
[Date "2022.08.01"]
[Round "4.47"]
[White "Ahmad Murad, Fatema Alzahraa."]
[Black "Lyons, Kieran"]
[Result "0-1"]
[WhiteElo "1791"]
[BlackElo "1767"]
[Annotator "NA RC"]
[PlyCount "105"]
[EventDate "2022.??.??"]
[TimeControl "60"]

1. d4 f5 2. c4 e6 3. Nf3 d6 4. Nc3 Nf6 5. e3 Be7 6. Bd3 O-O 7. Qc2 Nc6 8. a3 Qe8 9. d5 Ne5 10. dxe6 Nxd3+ 11. Qxd3 Bxe6 12. Nd4 Qd7 13. Ncb5 Bd8 14. Nxe6 Qxe6 15. f3 Nd7 16. b3 Nc5 17. Qc2 Rf7 18. O-O Bg5 19. Re1 Qg6 20. b4 Bf6 21. Rb1 Ne6 22. Bb2 Ng5 23. Kh1 a6 24. Nd4 Be5 25. Nb3 Qh6 26. f4 Bxf4 27. exf4 Ne4 28. Bc1 Qh4 29. Be3 Re8 30. Nd2 Rfe7 31. Nxe4 Rxe4 32. Qf2 Qf6 33. Bd4 Qxd4 34. Qxd4 Rxe1+ 35. Rxe1 Rxe1+ 36. Qg1 Rxg1+ 37. Kxg1 Kf7 38.
Kf2 Kf6 39. Ke3 c5 40. b5 axb5 41. cxb5 b6 42. Kd3 d5 43. a4 Ke6 44. Kc3 h6 45. h4 h5 46. Kb3 d4 47. Ka3 d3 48. Kb3 Kd5 49. Kc3 c4 50.
Kd2 Kc5 51. Kc3 Kd6 52. Kd2 Kd5 53. Ke3 0-1

[Event "44th Chess Olympiad Women 2022"]
[Site "Chennai"]
[Date "2022.08.01"]
[Round "4.47"]
[White "Khalil, Manar"]
[Black "Terubea, Cydel"]
[Result "1-0"]
[WhiteElo "1831"]
[BlackElo "1450"]
[Annotator "NA RC"]
[PlyCount "87"]
[EventDate "2022.??.??"]
[TimeControl "60"]

1. e4 e5 2. Nf3 Nf6 3. d4 exd4 4. e5 Qe7 5. Be2 Ng4 6. Qxd4 Qb4+ 7. Qxb4 Bxb4+ 8. c3 Bc5 9. O-O d6 10. b4 Bb6 11. exd6 cxd6 12. Bf4 O-O 13. Bxd6 Re8 14. Bb5 Bd7 15. Bxd7 Nxd7 16. Nbd2 Nde5 17. c4 Rac8 18. c5 Bc7 19. Bxc7 Rxc7 20. h3 Nf6 21. Nxe5 Rxe5 22. Rfe1 Rce7 23. Nf3 Rxe1+ 24. Rxe1 Rxe1+ 25. Nxe1 Nd5 26.
Nd3 Kf8 27. Kf1 Ke7 28. Ke1 f6 29. Kd2 a6 30. a4 Kd7 31.
Kc2 Kc6 32. Kb3 b6 33. cxb6 Nxb6 34. Nc5 g5 35. Nxa6 Nd7 36. b5+ Kb6 37. Kb4 Ne5 38. Nc5 f5 39. a5+ Ka7 40. b6+ Kb8 41. Kb5 h5 42. a6 g4 43. a7+ Ka8 44. Ka6 1-0

[Event "44th Chess Olympiad Women 2022"]
[Site "Chennai"]
[Date "2022.08.01"]
[Round "4.47"]
[White "Prasad, Tanvi"]
[Black "Bofroud, Naya"]
[Result "1/2-1/2"]
[WhiteElo "1165"]
[BlackElo "1660"]
[Annotator "NA RC"]
[PlyCount "115"]
[EventDate "2022.??.??"]
[TimeControl "60"]

1. d4 d5 2. c4 e6 3. cxd5 exd5 4. Nc3 Nf6 5. Bg5 c6 6. Nf3 Be7 7. h3 Nbd7 8. e3 O-O 9. Bd3 Re8 10. O-O Nf8 11. Bc2 Ne4 12. Bf4 Ng5 13.
Nxg5 Bxg5 14. Bh2 g6 15. Ne2 Ne6 16. Qd3 Bh6 17. Be5 Qe7 18.
a3 Ng5 19. h4 Ne4 20. h5 Bf5 21. hxg6 hxg6 22. Qd1 Qh4 23. Ng3 Bg4 24. Qe1 Bg7 25. Nxe4 Bxe5 26. dxe5 dxe4 27. Bxe4 Rxe5 28. f3 Qh6 29. Bxc6 bxc6 30. fxg4 Qg5 31. Rf4 Rae8 32. Qf2 Rxe3 33. Rf1 Re2 34. Qxa7 R2e7 35. Qd4 Qb5 36. Qc4 Qb6+ 37. Kh2 Qc7 38. g3 Re2+ 39. R1f2 Rxf2+ 40. Rxf2 Re3 41. Qf4 Qe7 42. Qb8+ Kg7 43. Qb6 Qe5 44. Rg2 Qe4 45. g5 Qf3 46. Qd4+ Kh7 47. Qf4 Qxf4 48. gxf4 Rf3 49. a4 Rxf4 50. b3 Rb4 51. Rb2 c5 52. a5 c4 53. Kg2 cxb3 54. Kf3 Rb5 55.
Kf4 Rxa5 56. Rxb3 Kg7 57. Rb4 Rf5+ 58. Kg4 1/2-1/2